 Dungeon Crawl Stone Soup version 0.19.5 (webtiles) character file.

128 Gargoyl the Skirmisher (level 5, -4/46 HPs)
             Began as a Ghoul Abyssal Knight on Mar 10, 2017.
             Was a Believer of Lugonu.
             Slain by laoha123's ghost (15 damage)
             ... on level 3 of the Dungeon.
             The game lasted 00:04:44 (2061 turns).

Gargoyl the Skirmisher (Ghoul Abyssal Knight)       Turns: 2061, Time: 00:04:45

Health: -4/46      AC:  6    Str: 16    XL:     5   Next: 11%
Magic:  6/6        EV: 11    Int:  7    God:    Lugonu [**....]
Gold:   107        SH:  0    Dex:  9    Spells: 0 memorised, 4 levels left

rFire  . . .     SeeInvis .     p - +2 whip (elec)
rCold  + . .     Gourm    .     b - +0 leather armour
rNeg   + + +     Faith    .     (no shield)
rPois  ∞         Spirit   .     (no helmet)
rElec  .         Reflect  .     e - +1 cloak
rCorr  .         Harm     .     i - +0 pair of gloves
MR     .....                    (no boots)
Stlth  +.........               (no amulet)
                                (no ring)
                                (no ring)

@: rotting
A: rotting body, claws 1, carnivore 3, cold resistance 1, negative energy
resistance 3, slow regeneration 1, torment resistance, unbreathing
a: Depart the Abyss, Bend Space, Renounce Religion


You were on level 3 of the Dungeon.
You worshipped Lugonu.
Lugonu was pleased with you.
You were not hungry.

You visited 1 branch of the dungeon, and saw 3 of its levels.
You visited the Abyss 1 time.

You collected 107 gold pieces.

Inventory:

Hand Weapons
 a - a +1 hand axe
 p - a +2 whip of electrocution (weapon)
Missiles
 q - 2 poisoned tomahawks (quivered)
Armour
 b - a +0 leather armour (worn)
 e - a +1 cloak (worn)
 i - a +0 pair of gloves (worn)
Jewellery
 j - an uncursed amulet of regeneration {unknown}
 o - a +2 ring of evasion {unknown}
Wands
 l - a wand of flame (5/48)
Scrolls
 d - a scroll of teleportation
 k - 2 scrolls of amnesia
Potions
 f - 2 potions of agility {unknown}
 g - 2 potions of lignification {unknown}
 h - 2 potions of heal wounds {unknown}
 r - 2 potions of curing {unknown}
 s - a potion of berserk rage {unknown}
Comestibles
 c - 3 meat rations
 m - a slice of pizza


   Skills:
 + Level 4.0 Fighting
 + Level 2.9 Axes
 + Level 0.3(1.8) Maces & Flails
 * Level 2.5 Armour
 + Level 1.4 Dodging
 * Level 3.0 Invocations


You had 4 spell levels left.
You didn't know any spells.

Dungeon Overview and Level Annotations

Branches:
Dungeon (3/15)

Altars:
Kikubaaqudgha
Okawaru
Ru

Annotations:
D:3 laoha123's ghost, amateur FoFi


Innate Abilities, Weirdness & Mutations

Your body is rotting away.
You thrive on raw meat.
You are immune to poison.
You have sharp fingernails.
You are carnivorous and can eat meat at any time.
Your flesh is cold resistant. (rC+)
You are immune to negative energy. (rN+++)
You regenerate slowly when monsters are visible.
You are immune to unholy pain and torment.
You can survive without breathing.


Message History

You hit laoha123's ghost.
Laoha123's ghost is severely damaged.
Laoha123's ghost barely misses you.
You barely miss laoha123's ghost.
Laoha123's ghost is severely damaged.
Laoha123's ghost hits you.
You hit laoha123's ghost.
Laoha123's ghost is almost destroyed.
Laoha123's ghost barely misses you.
You barely miss laoha123's ghost.
Laoha123's ghost is almost destroyed.
Laoha123's ghost closely misses you.
You hit laoha123's ghost but do no damage.
Laoha123's ghost is almost destroyed.
Laoha123's ghost hits you.
* * * LOW HITPOINT WARNING * * *
You barely miss laoha123's ghost.
Laoha123's ghost is almost destroyed.
Laoha123's ghost hits you!
You die...

########.#....
#............#
#.###.........
#...........<#
##.###o..#.##..
#....sS..#
#..####..# #.W#
#..# #.@# #....
#..# #..##.
#.(# #... .
#.)# ##.## #.<#
.# #..# #..#
#..# #...


You could see laoha123's ghost.

Vanquished Creatures
  An orc priest (D:3)
  4 adders (D:2)
  3 dart slugs
  3 leopard geckos (D:1)
  An orc (D:2)
  A bat zombie (D:2)
  2 giant cockroaches
  4 goblins (D:1)
  4 hobgoblins
  4 jackals (D:2)
  5 kobolds
  A ball python (D:2)
  9 bats
  A frilled lizard (D:2)
  11 rats
  4 rat zombies (D:2)
58 creatures vanquished.

Vanquished Creatures (others)
  2 orcs (D:3)
  A giant cockroach (D:3)
3 creatures vanquished.

Grand Total: 61 creatures vanquished

Notes
Turn   | Place    | Note
-------+----------+-------------------------------------------
     0 | Abyss:1  | Gargoyl the Ghoul Abyssal Knight began the quest for the Orb.
     0 | Abyss:1  | Reached XP level 1. HP: 19/19 MP: 1/1
   106 | Abyss:1  | Noticed a small abomination
   129 | Abyss:1  | Noticed a large abomination
   131 | Abyss:1  | Noticed a starcursed mass
   131 | D:1      | Escaped the Abyss
   313 | D:1      | Reached XP level 2. HP: 26/26 MP: 2/2
   369 | D:1      | Reached * piety under Lugonu
   673 | D:1      | Reached XP level 3. HP: 33/33 MP: 3/3
  1411 | D:2      | Reached skill level 1 in Dodging
  1470 | D:2      | Reached XP level 4. HP: 40/40 MP: 4/4
  1579 | D:2      | Found a sacrificial altar of Ru.
  1675 | D:2      | Reached ** piety under Lugonu
  1679 | D:2      | Found an iron altar of Okawaru.
  1821 | D:2      | Found an ancient bone altar of Kikubaaqudgha.
  1962 | D:3      | Noticed laoha123's ghost (amateur FoFi)
  2037 | D:3      | Reached skill level 4 in Fighting
  2037 | D:3      | Reached XP level 5. HP: 42/46 MP: 6/6
  2061 | D:3      | Slain by laoha123's ghost

Skill      XL: |  1  2  3  4 |
---------------+-------------+-----
Armour         | 2 |  2.5
Axes           | 2 |  2.9
Dodging        | 1 |  1.4
Fighting       | 4 |  4.0
Invocations    | 3 |  3.0
Maces & Flails | |  0.3

Action                   |  1- 3 |  4- 6 || total
-------------------------+-------+-------++-------
Melee: Hand axe          |    93 |    13 ||   106
       Whip              |       |    68 ||    68
Invok: Depart the Abyss  |     1 |       ||     1
  Use: Scroll            |     4 |     3 ||     7
  Eat: Chunk             |    14 |    18 ||    32
Armor: Leather armour    |    50 |    50 ||   100
Dodge: Dodged            |   101 |    92 ||   193
